 Dungeon Crawl Stone Soup version 0.29.0-15-g675c0067aa (webtiles) character file.

Game seed: 8432173443968544219

163 NinjaNoafa the Slasher (level 5, -2/41 HPs)
             Began as a Demonspawn Monk on Sept 11, 2022.
             Splashed by a jelly's acid (10 damage)
             ... on level 4 of the Dungeon.
             The game lasted 00:05:14 (3975 turns).

NinjaNoafa the Slasher (Demonspawn Monk)            Turns: 3975, Time: 00:05:15

Health: -2/41      AC:  0    Str: 10 (12) XL:     5   Next: 20%
Magic:  5/5        EV: 13    Int: 11      God:
Gold:   157        SH:  0    Dex: 17      Spells: 4/4 levels left

rFire   . . .      SeeInvis .   a - +0 falchion
rCold   . . .      Faith    .   (no shield)
rNeg    . . .      Spirit   .   b - +0 robe
rPois   .          Reflect  .   (helmet restricted)
rElec   .          Harm     .   (no cloak)
rCorr   .          Rampage  .   (no gloves)
Will    .....                   h - +1 pair of boots
Stlth   ++........              (no amulet)
HPRegen 0.13/turn               n - ring of flight
MPRegen 0.09/turn               (no ring)

@: corroded, flying
A: antennae 2
a: no special abilities


You were on level 4 of the Dungeon.
You visited 1 branch of the dungeon, and saw 4 of its levels.

You collected 157 gold pieces.

Inventory:

Hand Weapons
 a - a +0 falchion (weapon)
Missiles
 f - 9 stones
 r - 2 boomerangs (quivered)
Armour
 b - a +0 robe (worn)
 h - a +1 pair of boots (worn)
Jewellery
 n - a ring of flight (left hand)
Scrolls
 d - a scroll of summoning
 g - 2 scrolls of immolation
 i - 3 scrolls of fear {unknown}
 j - a scroll of identify
 k - 4 scrolls of enchant weapon {unknown}
 m - a scroll of noise {unknown}
 p - a scroll of fog {unknown}
 s - a scroll of teleportation {unknown}
Potions
 l - a potion of invisibility


   Skills:
 - Level 3.0 Fighting
 - Level 5.0 Long Blades
 - Level 3.0 Dodging
 + Level 2.5 Stealth


You had 4 spell levels left.
You didn't know any spells.
Your spell library contained the following spells:

 Spells                   Type           Power      Damage    Failure   Level
 Summon Small Mammal      Summ           0%         N/A       34%         1
 Sublimation of Blood     Necr           0%         N/A       47%         2
 Wereblood                Tmut           0%         N/A       47%         2
 Call Canine Familiar     Summ           0%         N/A       71%         3
 Summon Guardian Golem    Hex/Summ       0%         N/A       71%         3
 Summon Hydra             Summ           0%         N/A       100%        7


Dungeon Overview and Level Annotations

Branches:
Dungeon (4/15)
 Temple: D:4-7

Altars:


Innate Abilities, Weirdness & Mutations

You have a pair of antennae on your head.


Message History

You throw a boomerang.
The boomerang closely misses the goblin.
You throw a boomerang. The boomerang hits the goblin.
You kill the goblin!
No target in view!
You see here a +0 dagger.
You see here a +0 dagger.
A jelly comes into view.
As you read the scroll labelled YSTRYSM VOPREXT, it crumbles to dust.
It is a scroll of identify.
d - a scroll of summoning The jelly quivers.
As you read the scroll of identify, it crumbles to dust.
e - a scroll of enchant armour
As you read the scroll of identify, it crumbles to dust.
g - 2 scrolls of immolation The jelly hits you.
You are splashed with acid!
You slash the jelly!
Your hands burn!
The jelly is severely wounded.
The jelly barely misses you.
You completely miss the jelly.
The jelly is severely wounded.
You hear the slow rusting of a very distant drain.
The jelly barely misses you.
You hit the jelly.
Your hands burn!
The jelly is severely wounded.
The jelly hits you. The acid corrodes you!
You are splashed with acid.
You hit the jelly.
Your hands burn!
The jelly is severely wounded.
The jelly completely misses you.
As you read the scroll of enchant armour, it crumbles to dust.
Your +0 pair of boots glows green for a moment.
The jelly misses you.
You hit the jelly.
Your hands burn!
* * * LOW HITPOINT WARNING * * *
The jelly is almost dead.
The jelly hits you.
* * * LOW HITPOINT WARNING * * *
You are splashed with acid!
You die...

#############
#...........#######
#.#########........
##.#######
#@#######
#.).......
#J.......
#..######.
#.####### #..# #..
#..### #>##..
#..#.. .......
#..#.# #.##...
#..#.# #.###...
#..#.# #.#


You could see a jelly.

Vanquished Creatures
  An orc priest (D:3)
  An orc wizard (D:3)
  3 adders
  2 worms (D:3)
  2 dart slugs
  9 orcs
  9 endoplasms
  2 giant cockroaches
  6 goblins
  5 hobgoblins
  5 kobolds
  3 quokkas
  5 ball pythons
  4 bats
  A frilled lizard (D:2)
  2 rats (D:2)
60 creatures vanquished.

Notes
Turn   | Place    | Note
-------+----------+-------------------------------------------
     0 | D:1      | NinjaNoafa the Demonspawn Monk began the quest for the Orb.
     0 | D:1      | Reached XP level 1. HP: 18/18 MP: 1/1
   178 | D:1      | Reached skill level 3 in Long Blades
   444 | D:1      | Gained mutation: You have a pair of small antennae on your
                  | head. [demonic ancestry]
   444 | D:1      | Reached XP level 2. HP: 13/24 MP: 2/2
   759 | D:1      | Found a faded altar of an unknown god.
  1477 | D:1      | Reached XP level 3. HP: 29/29 MP: 3/3
  2076 | D:2      | Reached skill level 4 in Long Blades
  2126 | D:2      | You fall into a shaft and drop 1 floor!
  2857 | D:3      | Reached XP level 4. HP: 27/35 MP: 4/4
  3477 | D:3      | HP: 1/35 [orc priest/nerve-wracking pain (9)]
  3500 | D:3      | Reached skill level 5 in Long Blades
  3507 | D:3      | Gained mutation: You have a pair of antennae on your head.
                  | [demonic ancestry]
  3507 | D:3      | Reached XP level 5. HP: 18/41 MP: 5/5
  3975 | D:4      | Splashed by a jelly's acid

Illustrated notes

Levels and vault maps discovered:
D:1:      dpeg_arrival_arbitrary_b, layout_basic,
          hellmonk_ecumenical_altar_zigzags
D:2:      layout_rooms, basic_altar, minmay_circle_x
D:3:      layout_rooms, nicolae_elyvilon_temple_path, lemuel_tele_altar
D:4:      layout_loops_ring, minmay_temple_entry_trees, portal_sewer_entry_d,
          st_stairs_13, uniq_menkaure, uniq_sigmund

Skill      XL: |  1  2  3  4 |
---------------+-------------+-----
Long Blades    | 3 4 5 |  5.0
Stealth        | 2 |  2.5
Dodging        | 3 |  3.0
Fighting       | |  3.0

Action                   |  1- 3 |  4- 6 || total
-------------------------+-------+-------++-------
Melee: Falchion          |   142 |    74 ||   216
       Punch             |       |     1 ||     1
Throw: Boomerang         |       |     2 ||     2
  Use: Potion            |     3 |     5 ||     8
       Scroll            |       |     4 ||     4
 Stab: Sleeping          |     3 |     2 ||     5
       Invisible         |       |     1 ||     1
Armor: Robe              |    38 |     9 ||    47
Dodge: Dodged            |   118 |    35 ||   153
